[Event "Early-Titled-Tuesday-Blitz-February-13-2024"]
[Site "Chess.com"]
[Date "2024.02.13"]
[Round "8"]
[White "PushingpawnsNYC"]
[Black "secrethawk1"]
[Result "0-1"]
[WhiteElo "2329"]
[BlackElo "2483"]
[TimeControl "180+1"]
[EndTime "9:32:34 PST"]
[Termination "secrethawk1 won by checkmate"]

1. e4 c5 2. Nc3 e6 3. g3 d5 4. Bg2 d4 5. Nb1 e5 6. d3 h5 7. Nf3 Nc6 8. h4 Be6 9. a4 Bd6 10. Ng5 Bd7 11. c3 Nf6 12. Qb3 O-O 13.
O-O Rb8 14. Nd2 a6 15. Nc4 Bc7 16. Na3 b5 17. axb5 axb5 18. Qc2 b4 19. Nc4 bxc3 20.
bxc3 dxc3 21. Qxc3 Nd4 22. Kh1 Ng4 23. Be3 Qf6 24. Bxd4 exd4 25. Qd2 Rfc8 26. f4 Rb3 27. Rab1 Rcb8 28. Rxb3 Rxb3 29. Qc2 Rc3 30. Qd2 Bb5 31. e5 Qa6 32. Bd5 Be8 33. e6 fxe6 34. Bxe6+ Kf8 35.
Ne5 Bxe5 36. fxe5+ Ke7 37. Bc4 Rxc4 38. dxc4 Qxc4 39.
Qf4 Bc6+ 40. Kg1 Qe2 41. Qf8+ Kd7 42. Qf7+ Kc8 43. Qf4 Qg2# 0-1

[Event "Early-Titled-Tuesday-Blitz-February-13-2024"]
[Site "Chess.com"]
[Date "2024.02.13"]
[Round "8"]
[White "VladimirKramnik"]
[Black "ValentinDragnev"]
[Result "1-0"]
[WhiteElo "2929"]
[BlackElo "2752"]
[TimeControl "180+1"]
[EndTime "9:32:36 PST"]
[Termination "VladimirKramnik won on time"]

1. e4 c6 2. d4 d5 3. e5 c5 4. dxc5 Nc6 5. f4 e6 6. Be3 Nge7 7. Nf3 Nf5 8. Bf2 Be7 9. Bd3 O-O 10. O-O f6 11.
Nbd2 fxe5 12. fxe5 Bd7 13. c3 Qc7 14. Qe2 Rf7 15.
b4 Raf8 16. Nb3 g5 17. Rae1 g4 18. Nfd4 Nfxd4 19. Nxd4 Rg7 20. Nxc6 bxc6 21. Bd4 Qd8 22. Rxf8+ Qxf8 23. Rf1 Qe8 24. a4 h5 25. b5 Qd8 26.
Qf2 Be8 27. b6 axb6 28. cxb6 Rf7 29. Qe3 Bg5 30. Qe1 Qe7 31. Rxf7 Bxf7 32. Qb1 c5 33. b7 cxd4 34. b8=Q+ Kg7 35. cxd4 Be3+ 36. Kh1 g3 37. Qf1 Bf2 38. hxg3 Bxd4 39. Qf6+ 1-0

[Event "Early-Titled-Tuesday-Blitz-February-13-2024"]
[Site "Chess.com"]
[Date "2024.02.13"]
[Round "8"]
[White "OrtizAnahi2001"]
[Black "Kostukov_Alex"]
[Result "0-1"]
[WhiteElo "2542"]
[BlackElo "2263"]
[TimeControl "180+1"]
[EndTime "9:32:36 PST"]
[Termination "Kostukov_Alex won by resignation"]

1. d4 g6 2. e4 Bg7 3. Nf3 c5 4. c3 cxd4 5. cxd4 d5 6. exd5 Nf6 7. Be2 Nxd5 8. Nc3 O-O 9. O-O Nc6 10. Re1 h6 11. h3 e6 12. Na4 b6 13. b3 Bb7 14.
Ba3 Re8 15. Qd2 Qf6 16. Rad1 Rad8 17. Bb2 Nf4 18. Qe3 Nd5 19. Qd2 Rd7 20. Nc3 Nce7 21. Ne4 Qf4 22. Bb5 Bc6 23. Qe2 Bxb5 24. Qxb5 Red8 25. Rd3 Qf5 26. Ng3 Qf6 27. Rdd1 Nf4 28. Re3 Ned5 29. Ne4 Qe7 30. Ree1 Kh7 31. Qf1 Rc8 32. g3 Nh5 33. Re2 Rdc7 34. Red2 Rc2 35. Bc1 Qc7 36. Rxc2 Qxc2 37. Ned2 Nc3 38. Re1 Nxa2 39.
Nc4 Nxc1 40. Rxc1 Qxb3 41. Nce5 Rxc1 42. Qxc1 f6 43. Qe3 Qxe3 44. fxe3 fxe5 45. dxe5 Nxg3 0-1

[Event "Early-Titled-Tuesday-Blitz-February-13-2024"]
[Site "Chess.com"]
[Date "2024.02.13"]
[Round "8"]
[White "mbojan"]
[Black "Yurovskykh_Oleksandr"]
[Result "1-0"]
[WhiteElo "2871"]
[BlackElo "2661"]
[TimeControl "180+1"]
[EndTime "9:32:37 PST"]
[Termination "mbojan won by checkmate"]

1. d4 d5 2. c4 dxc4 3. Nf3 Nf6 4. e3 e6 5. Bxc4 c5 6. O-O Nc6 7. dxc5 Bxc5 8. Qxd8+ Kxd8 9. Nc3 Ke7 10. Be2 b6 11. Nd2 Bb7 12. Nb3 Bd6 13. Nb5 Bb8 14. Bd2 a6 15.
N5d4 Nxd4 16. Nxd4 Bd6 17. Rfc1 Rhc8 18. f3 Rxc1+ 19.
Rxc1 Rc8 20. Rxc8 Bxc8 21. Kf1 Bxh2 22. f4 Bb7 23. Be1 Ne4 24. Bf3 h6 25. Bxe4 Bxe4 26. Nf3 Bxf3 27. gxf3 g5 28. Kg2 Bxf4 29. exf4 gxf4 30.
Kh3 f5 31. Kh4 e5 32. Kh5 e4 33. Kxh6 Ke6 34. Kg5 Ke5 35. Bc3+ Kd5 36. Kxf4 exf3 37. Kxf3 Kc4 38. Ke3 b5 39. a3 Kb3 40. Kf4 a5 41.
Kxf5 b4 42. axb4 axb4 43. Bd4 Kc4 44. Ke4 b3 45. Ke3 Kb4 46. Kd3 Kb5 47. Kc3 Ka4 48. Kc4 Ka5 49. Kxb3 Kb5 50. Kc3 Kc6 51. Kc4 Kb7 52. b4 Kc6 53. b5+ Kb7 54. Kc5 Kc7 55. b6+ Kb7 56. Kb5 Kb8 57. Kc6 Ka8 58. b7+ Kb8 59.
Be5+ Ka7 60. b8=Q+ Ka6 61. Qb6# 1-0

[Event "Early-Titled-Tuesday-Blitz-February-13-2024"]
[Site "Chess.com"]
[Date "2024.02.13"]
[Round "8"]
[White "Mikasinski"]
[Black "omer1997"]
[Result "1-0"]
[WhiteElo "2641"]
[BlackElo "2396"]
[TimeControl "180+1"]
[EndTime "9:32:37 PST"]
[Termination "Mikasinski won by resignation"]

1. e4 e5 2. Nf3 Nf6 3. Nc3 Nc6 4. Bb5 Bb4 5. O-O O-O 6. d3 d6 7. Bg5 Bxc3 8. bxc3 Qe7 9. Re1 Nd8 10. d4 Ne6 11. Bh4 c6 12. Bf1 Nc7 13. a4 Bg4 14. Qd3 Bxf3 15. Qxf3 Ne6 16. Rad1 Rad8 17. Bc4 h6 18.
Rd2 Ng5 19. Qd3 exd4 20. Rde2 dxc3 21. Qxc3 Qe5 22. Qb3 b6 23. Bd3 Qc5 24. Kh1 Rfe8 25. Qb2 Nfh7 26. f4 Ne6 27. Bxd8 Rxd8 28. Rf1 Re8 29.
Ref2 Nd4 30. h3 Nf6 31. c3 Ne6 32. Kh2 Nc7 33. Re2 Qh5 34. Kg1 Ne6 35. e5 Nd5 36.
exd6 Rd8 37. Re5 Qh4 38. f5 Nc5 39. Be2 Qf6 40. c4 Ne3 41. Rb1 Nxf5 42. Rf1 g6 43. Re8+ Rxe8 44. Qxf6 Re3 45. Rxf5 gxf5 46. Bh5 Re1+ 47.
Kh2 Ne6 48. Qxf7+ 1-0

[Event "Early-Titled-Tuesday-Blitz-February-13-2024"]
[Site "Chess.com"]
[Date "2024.02.13"]
[Round "8"]
[White "ChessLover0108"]
[Black "Kobalia"]
[Result "1-0"]
[WhiteElo "3001"]
[BlackElo "2813"]
[TimeControl "180+1"]
[EndTime "9:32:38 PST"]
[Termination "ChessLover0108 won on time"]

1. d4 d5 2. c4 c6 3. Nf3 Nf6 4. Nc3 a6 5. e3 e6 6. b3 Bb4 7. Bd2 O-O 8. Bd3 Qe7 9. O-O Nbd7 10. Qc2 Bd6 11. e4 dxc4 12. bxc4 e5 13. dxe5 Nxe5 14. Nxe5 Bxe5 15. h3 Rd8 16. Rad1 Be6 17. Be3 b5 18. c5 Rxd3 19. Rxd3 Bc4 20. f3 Bxd3 21. Qxd3 Rd8 22. Qc2 Bd4 23. Nd1 Qe5 24. Rf2 Nh5 25.
Rd2 Nf4 26. Kh1 Ne6 27. f4 Nxf4 28. Nf2 Ne6 29. Ng4 Qg3 30. Bxd4 Rxd4 31. Rxd4 Nxd4 32. Qd1 Qc3 33. Ne5 Qxc5 34. Nd3 Qc3 35. Qg4 h5 36. Qg3 Ne6 37. Qe3 c5 38. Qe2 c4 39. Nf2 Nd8 40. Qxh5 g6 41. Qf3 Ne6 42. Qxc3 1-0

[Event "Early-Titled-Tuesday-Blitz-February-13-2024"]
[Site "Chess.com"]
[Date "2024.02.13"]
[Round "8"]
[White "MaxLeto"]
[Black "TregubovP"]
[Result "1-0"]
[WhiteElo "2539"]
[BlackElo "2676"]
[TimeControl "180+1"]
[EndTime "9:32:38 PST"]
[Termination "MaxLeto won by resignation"]

1. g4 d5 2. Bg2 c6 3. h3 e5 4.
d4 Nd7 5. c4 Bb4+ 6. Nc3 Ne7 7.
cxd5 Nxd5 8. Bd2 Nf4 9. Bxf4 exf4 10. Qb3 Qa5 11. Nf3 Nf6 12. Ne5 O-O 13. Nd3 Be7 14.
Nxf4 Bd6 15. Nd3 Re8 16. O-O h5 17. e4 hxg4 18. e5 gxh3 19. Bf3 Bc7 20. Kh1 Be6 21. Qxb7 Nd5 22. Qxc6 Nxc3 23. Qxc3 Qb5 24. a4 Qc4 25. Rfc1 Qxc3 26. Rxc3 Ba5 27. Bxa8 Bxc3 28. bxc3 Rxa8 29. Nc5 Bd5+ 30. Kh2 Rb8 31. Kxh3 Rb2 32. Kg3 Rc2 33. Ra3 g5 34. a5 Kg7 35. a6 Kg6 36. f4 gxf4+ 37. Kxf4 Rf2+ 38. Ke3 Rf3+ 39. Ke2 Kf5 40. c4 Rxa3 41. cxd5 f6 42. d6 fxe5 43. d7 exd4 44. d8=Q Re3+ 45. Kd2 Re5 46. Qxd4 Kf6 47. Nd3 1-0

[Event "Early-Titled-Tuesday-Blitz-February-13-2024"]
[Site "Chess.com"]
[Date "2024.02.13"]
[Round "8"]
[White "HalfIsCrayfish"]
[Black "NM_Antelacus"]
[Result "1-0"]
[WhiteElo "2547"]
[BlackElo "2246"]
[TimeControl "180+1"]
[EndTime "9:32:39 PST"]
[Termination "HalfIsCrayfish won by resignation"]

1. d4 Nf6 2. c4 e6 3. Nf3 b6 4.
g3 Bb7 5. Bg2 Bb4+ 6. Bd2 Qe7 7.
O-O O-O 8. Qc2 d5 9. Nc3 Bxc3 10. Bxc3 Nbd7 11. Ne5 c5 12. e3 Rac8 13. Rfd1 Rfd8 14. Rac1 cxd4 15. exd4 Ne4 16. Bxe4 dxe4 17. Nxd7 Rxd7 18.
b3 Qg5 19. Re1 f5 20. Rcd1 Rcd8 21. Bb2 h6 22. h4 Qg4 23. Qe2 Qxe2 24. Rxe2 Kf7 25.
Red2 g5 26. h5 f4 27. Re2 Ke8 28. Rde1 Rf7 29. Rxe4 Bxe4 30. Rxe4 Kd7 31. g4 Re8 32. f3 Rff8 33. Kf2 Rc8 34. Re5 a6 35. a4 Rb8 36.
d5 exd5 37. Rxd5+ Kc6 38. Bg7 Rfd8 39. Bxh6 Rxd5 40. cxd5+ Kxd5 41. Bxg5 Rf8 42. Bh6 Rf6 43. g5 Rf5 44. g6 Rxh5 45. g7 Rh2+ 46. Kg1 Rxh6 47. g8=Q+ Re6 48. Qa8+ Kd4 49. Qxa6 Rd6 50. Qc4+ Ke5 51. Qe4+ Kf6 52. Qxf4+ Ke6 53. Qxd6+ Kxd6 54. Kf2 1-0

[Event "Early-Titled-Tuesday-Blitz-February-13-2024"]
[Site "Chess.com"]
[Date "2024.02.13"]
[Round "8"]
[White "Szparu"]
[Black "Zhigalko_Sergei"]
[Result "1/2-1/2"]
[WhiteElo "2804"]
[BlackElo "2948"]
[TimeControl "180+1"]
[EndTime "9:32:40 PST"]
[Termination "Game drawn by repetition"]

1. Nf3 d5 2. d4 e6 3. c4 c6 4. Nbd2 f5 5. g3 Bd6 6. Bg2 Nd7 7. O-O Ngf6 8. b3 O-O 9. a4 Qe7 10. Bb2 a5 11. Qc1 b6 12. Ba3 Ba6 13. Bxd6 Qxd6 14. Qb2 Ne4 15. Rfc1 Rac8 16. Rc2 Rc7 17.
Rac1 Rfc8 18. Ne1 Ndf6 19. Nd3 c5 20. cxd5 exd5 21. dxc5 bxc5 22. Qa3 Qb6 23. Nxe4 dxe4 24. Ne5 Nd5 25. Nc4 Bxc4 26. bxc4 Nb4 27. Rd2 Qe6 28. Qc3 Rd7 29. Rcd1 Rxd2 30. Rxd2 h6 31. h4 Rc7 32. Rd8+ Kh7 33. Bh3 Rf7 34. h5 Qe7 35.
Rc8 Qg5 36. Rxc5 Qxh5 37. Kg2 Qxe2 38. Bxf5+ Rxf5 39. Rxf5 Nd3 40. Rf7 Ne1+ 41. Kg1 Nf3+ 42. Kg2 Ne1+ 43. Kh2 Nf3+ 44. Kg2 Ne1+ 1/2-1/2

[Event "Early-Titled-Tuesday-Blitz-February-13-2024"]
[Site "Chess.com"]
[Date "2024.02.13"]
[Round "8"]
[White "MatthewG-p4p"]
[Black "edgarhay012"]
[Result "1-0"]
[WhiteElo "2824"]
[BlackElo "2631"]
[TimeControl "180+1"]
[EndTime "9:32:41 PST"]
[Termination "MatthewG-p4p won on time"]

1. e4 c5 2. Nc3 Nc6 3. Bb5 Nd4 4. Nf3 e6 5. O-O a6 6. Bd3 b5 7. Nxd4 cxd4 8. Ne2 Bc5 9. c3 dxc3 10. dxc3 Bb7 11. a4 Nf6 12. e5 Nd5 13. axb5 axb5 14. Rxa8 Qxa8 15. Bxb5 O-O 16. Bd3 Qb8 17. Qb3 Qc7 18. Qc4 f5 19. exf6 Rxf6 20. Qh4 h6 21. Ng3 Nf4 22.
Nh5 Nxh5 23. Qxh5 Qd6 24. Qe8+ Rf8 25. Qg6 Rf6 26. Qg3 Qd5 27. Be2 Bd6 28. f4 Bc5+ 29. Kh1 Qe4 30. Bf3 Qd3 31. Qe1 Ba6 32. Rg1 Bxg1 33. Kxg1 g5 34. fxg5 hxg5 35. Bxg5 Rf5 36.
Be3 Re5 37. Qg3+ Kf8 38. Bh6+ Ke7 39. h4 Qf5 40. Bg5+ Kd6 41. Bf4 Bd3 42. Bg4 Qe4 43.
Bxe5+ Kd5 44. Bf3 1-0

[Event "Early-Titled-Tuesday-Blitz-February-13-2024"]
[Site "Chess.com"]
[Date "2024.02.13"]
[Round "8"]
[White "Chandradi"]
[Black "Leonid_Starozhilov"]
[Result "0-1"]
[WhiteElo "2513"]
[BlackElo "2726"]
[TimeControl "180+1"]
[EndTime "9:32:41 PST"]
[Termination "Leonid_Starozhilov won by resignation"]

1. c4 Nf6 2. g3 g6 3. Bg2 Bg7 4. Nc3 O-O 5. Nf3 d6 6. O-O c6 7.
Rb1 a6 8. b4 d5 9. cxd5 cxd5 10. d3 Nc6 11. a3 Bg4 12. h3 Bxf3 13. Bxf3 e6 14. Bb2 Qd7 15. Na4 Qd6 16. e3 Nd7 17. Bxg7 Kxg7 18. Qd2 Rfc8 19. Rfc1 Nce5 20. Bg2 b5 21.
Nb2 Rab8 22. Rc2 Nb6 23. Rbc1 d4 24. e4 Ned7 25. f4 e5 26. Nd1 Rxc2 27. Rxc2 h5 28. Nf2 h4 29. fxe5 Nxe5 30. gxh4 Rh8 31. Qg5 Nbd7 32.
Qg3 Qe7 33. Rc7 Rxh4 34. Ng4 Rh8 35. Ra7 Qd6 36. Bf1 Qb6 37. Rxd7 Nxd7 38. Qf4 Qe6 39. e5 Re8 40. Qxd4 Nxe5 41. Bg2 Kf8 42. Nf2 Qf6 43.
Be4 Nf3+ 44. Bxf3 Qxd4 45. Be4 Rxe4 46. dxe4 Qa1+ 47. Kg2 Qxa3 48. Nd3 Qxd3 0-1

[Event "Early-Titled-Tuesday-Blitz-February-13-2024"]
[Site "Chess.com"]
[Date "2024.02.13"]
[Round "8"]
[White "VinzentSpitzl"]
[Black "AndresDelgado77"]
[Result "1-0"]
[WhiteElo "2516"]
[BlackElo "2355"]
[TimeControl "180+1"]
[EndTime "9:32:41 PST"]
[Termination "VinzentSpitzl won on time"]

1. e4 e6 2. d4 d5 3. Nd2 Nc6 4. Ngf3 Nf6 5. e5 Nd7 6. c3 f6 7. Qe2 fxe5 8. dxe5 Bc5 9. Nb3 Bb6 10.
Be3 O-O 11. Bxb6 axb6 12. Qe3 Qe7 13. Bd3 Nc5 14. Bc2 Nxb3 15. Bxb3 Na5 16. O-O Nxb3 17.
axb3 Bd7 18. Nd4 c5 19. Nc2 Rfc8 20. f4 Be8 21. Qe2 Bg6 22. Ne3 Be4 23. Ng4 Qf7 24.
g3 Qg6 25. Nf2 Bc2 26. Rfc1 Bxb3 27. Qb5 Rxa1 28. Rxa1 Bc4 29. Qxb6 Qf7 30. Ra7 Ba6 31. Kg2 Qd7 32. Rxa6 bxa6 33. Qxa6 d4 34. cxd4 cxd4 35. Qd3 Qd5+ 36. Ne4 Rb8 37. Kh3 Rxb2 38. Kg4 h6 39. Nd6 Rxh2 40. Qg6 h5+ 41. Kg5 Rh3 42. Qf7+ Kh7 43.
Qg6+ Kg8 44. Qe8+ Kh7 45. g4 1-0

[Event "Early-Titled-Tuesday-Blitz-February-13-2024"]
[Site "Chess.com"]
[Date "2024.02.13"]
[Round "8"]
[White "Gzucaritas"]
[Black "Teidi96"]
[Result "0-1"]
[WhiteElo "2058"]
[BlackElo "2278"]
[TimeControl "180+1"]
[EndTime "9:32:41 PST"]
[Termination "Teidi96 won on time"]

1. e4 c5 2. Nf3 g6 3. d4 cxd4 4. Nxd4 Nc6 5. Nc3 Bg7 6. Nf3 Nf6 7. Bc4 O-O 8. O-O d6 9. h3 a6 10. Re1 b5 11. Bb3 Bb7 12. Nd5 Nxd5 13. exd5 Ne5 14. c3 Rc8 15. Bg5 Re8 16. Qd2 Nxf3+ 17. gxf3 Qd7 18.
Kg2 Rc5 19. Rad1 Bc8 20. Rh1 a5 21. h4 a4 22. Bc2 Bb7 23. Be4 f5 24. Bc2 Rxd5 25.
Qe2 e5 26. h5 Rxd1 27. Qxd1 Qc6 28. hxg6 hxg6 29. b3 axb3 30. Bxb3+ d5 31. Bh6 Kf7 32.
Bxg7 Kxg7 33. Rh3 Rh8 34. Rxh8 Kxh8 35. Qh1+ Kg7 36. Qh4 Qd6 37. a4 bxa4 38. Bxa4 d4 39. cxd4 exd4 40. Bb3 d3 41. Qc4 Qd7 42. Qc3+ Kh7 43.
Qd2 Qd4 44. Bc2 Qg4+ 45. Kf1 Qh3+ 46. Ke1 Bxf3 0-1

[Event "Early-Titled-Tuesday-Blitz-February-13-2024"]
[Site "Chess.com"]
[Date "2024.02.13"]
[Round "8"]
[White "twofoxniel"]
[Black "rezamahdavi2008"]
[Result "0-1"]
[WhiteElo "2624"]
[BlackElo "2849"]
[TimeControl "180+1"]
[EndTime "9:32:43 PST"]
[Termination "rezamahdavi2008 won by checkmate"]

1. e4 c5 2. c3 Nf6 3. e5 Nd5 4. d4 cxd4 5. cxd4 d6 6. Nf3 Nc6 7. Bc4 Nb6 8. Bb5 dxe5 9. Nxe5 Bd7 10. Bxc6 Bxc6 11. Nxc6 bxc6 12. O-O e6 13. Qg4 h5 14. Qf3 Qd5 15. Qd3 Rd8 16. Be3 Be7 17. Nc3 Qd7 18.
Rac1 c5 19. Rfd1 c4 20. Qe2 h4 21. h3 O-O 22. Qg4 f5 23. Qf3 f4 24. Bxf4 g5 25.
Ne2 Nd5 26. Qh5 Nxf4 27. Nxf4 Rxf4 28. Qg6+ Kf8 29. Rxc4 Bf6 30. g3 hxg3 31. fxg3 Rf5 32. g4 Rf4 33. d5 Qg7 34. Qc2 Rxc4 35. Qxc4 Qd7 36. d6 Kg7 37. h4 gxh4 38. g5 Be5 39. Qxh4 Rh8 40. Qe4 Qb5 41. d7 Qc5+ 42. Kg2 Rh2+ 43. Kf3 Qf2+ 44. Kg4 Rh4# 0-1

[Event "Early-Titled-Tuesday-Blitz-February-13-2024"]
[Site "Chess.com"]
[Date "2024.02.13"]
[Round "8"]
[White "andrzej"]
[Black "AlexPapasimakopoulos"]
[Result "0-1"]
[WhiteElo "2506"]
[BlackElo "2728"]
[TimeControl "180+1"]
[EndTime "9:32:43 PST"]
[Termination "AlexPapasimakopoulos won by checkmate"]

1. e4 e6 2. d4 d5 3. Nc3 Bb4 4. e5 c5 5. a3 Bxc3+ 6. bxc3 Nc6 7. Qg4 g6 8. h4 h6 9. h5 g5 10. f4 f5 11. Qg3 g4 12. dxc5 Qa5 13. Rb1 Qxc5 14. a4 Qa5 15. Bd3 Qxa4 16. Ne2 Nge7 17. O-O Qa5 18. Kh1 Qc7 19. Ba3 b6 20. Bd6 Qd8 21. c4 d4 22. c3 dxc3 23. Nxc3 Ba6 24. Rfd1 Kf7 25. Ra1 Na5 26. c5 Bxd3 27. Qxd3 Nb3 28.
Rab1 Nxc5 29. Qc4 Qc8 30. Nb5 a6 31. Nc7 Ra7 32. Rxb6 Rxc7 33. Qa2 Nd5 34. Rxd5 exd5 35. Qxd5+ Qe6 36. Qd4 Nd7 37. Rxa6 Rc1+ 38. Kh2 Qc4 39.
Qxc4+ Rxc4 40. Ra7 Ke6 41. Ra6 Rg8 42. Bf8+ Kd5 43.
Bxh6 g3+ 44. Kh3 Rc1 45. Rd6+ Ke4 46. Rxd7 Rh1# 0-1

[Event "Early-Titled-Tuesday-Blitz-February-13-2024"]
[Site "Chess.com"]
[Date "2024.02.13"]
[Round "8"]
[White "masterofpuppets2"]
[Black "Dinosaurio_1975"]
[Result "0-1"]
[WhiteElo "2447"]
[BlackElo "2596"]
[TimeControl "180+1"]
[EndTime "9:32:44 PST"]
[Termination "Dinosaurio_1975 won by checkmate"]

1. d4 d5 2. c4 e6 3. Nf3 Nf6 4. g3 Be7 5. Bg2 O-O 6. O-O c6 7. Qc2 b6 8. b3 Nbd7 9. Nbd2 c5 10. cxd5 exd5 11. dxc5 bxc5 12. e3 Bb7 13. Bb2 Qb6 14.
Rfd1 Rfd8 15. Rac1 a5 16. Ne5 Nxe5 17. Bxe5 a4 18.
Nf3 axb3 19. axb3 Ne4 20. Nd2 Nxd2 21. Rxd2 Ra3 22. Rcd1 Rxb3 23. Bxd5 Bxd5 24. Rxd5 Rxd5 25. Rxd5 Rb1+ 26. Kg2 Qc6 27. e4 Qb5 28. Rd3 h6 29. Bc3 Qb3 30. Qd2 Qe6 31. f3 c4 32. Rd5 Rb3 33.
h4 Bf6 34. e5 Be7 35. Ba1 Qa6 36. Bc3 Qa3 37. Rd7 Rxc3 38. Rxe7 Rd3 39. Qe2 Qxe7 40. e6 Qxe6 41. Qc2 Qd5 42. Qf2 Rd2 43. Kg1 Rxf2 44. Kxf2 c3 45. g4 c2 46. Kg3 c1=Q 47. h5 Qcc5 48. Kh4 Qdd4 49. Kg3 Qg5 50. Kh2 Qh4+ 51. Kg2 Qdf2# 0-1

[Event "Early-Titled-Tuesday-Blitz-February-13-2024"]
[Site "Chess.com"]
[Date "2024.02.13"]
[Round "8"]
[White "azikom"]
[Black "HATilay"]
[Result "0-1"]
[WhiteElo "2723"]
[BlackElo "2544"]
[TimeControl "180+1"]
[EndTime "9:32:45 PST"]
[Termination "HATilay won on time"]

1. c4 e5 2. Nc3 Bb4 3. Qc2 Bxc3 4. Qxc3 Nc6 5. g3 Nf6 6. Bg2 Qe7 7. d3 O-O 8. e4 a6 9. Ne2 b5 10. b3 Qb4 11. Bd2 Qxc3 12. Bxc3 b4 13. Bb2 d6 14. f4 Nd7 15. Kd2 f6 16. d4 a5 17. a4 Nxd4 18.
Nxd4 exd4 19. Bxd4 Bb7 20. Rhe1 Rfe8 21. Re2 Kf7 22.
Rae1 Rad8 23. Kc2 Ba8 24. Bh3 Re7 25. Bf5 g6 26. Bh3 Rde8 27. Kd3 Nc5+ 28. Bxc5 dxc5 29.
e5 fxe5 30. Rxe5 Rxe5 31. fxe5 Rd8+ 32. Ke3 Ke7 33. Rf1 Rd4 34. Rf4 Rd1 35. Rf6 Rb1 36. Ra6 Rxb3+ 37. Kd2 Be4 38. Rxa5 Rd3+ 39. Ke2 b3 40.
Bg2 Bf5 41. Rb5 Rc3 0-1

[Event "Early-Titled-Tuesday-Blitz-February-13-2024"]
[Site "Chess.com"]
[Date "2024.02.13"]
[Round "8"]
[White "Fh2411"]
[Black "ccccvhhhj"]
[Result "1-0"]
[WhiteElo "2636"]
[BlackElo "2495"]
[TimeControl "180+1"]
[EndTime "9:32:46 PST"]
[Termination "Fh2411 won on time"]

1. d4 e5 2. dxe5 d6 3. Nf3 Bg4 4. Bg5 Qd7 5. Nbd2 Nc6 6. exd6 Bxd6 7. c3 f6 8. Bh4 O-O-O 9. Qc2 Qf7 10. Bg3 Nge7 11. e3 Nf5 12. Bc4 Qe7 13. O-O-O Nxg3 14. hxg3 h5 15. Bd3 Kb8 16. Bf5 a6 17. Bxg4 hxg4 18. Nd4 Ne5 19. Ne4 Qf7 20. Kb1 Rhe8 21. Nxd6 Rxd6 22.
Nf5 Rdd8 23. a3 g6 24. Nd4 Qd5 25. Rhg1 c5 26. Ne2 Qc6 27. c4 Qb6 28. Nf4 g5 29.
Nd5 Qc6 30. b3 Rd6 31. a4 Red8 32. a5 Ka7 33. Rd2 Rxd5 34. cxd5 Rxd5 35. Rxd5 Qxd5 36.
Rd1 Qc6 37. Rc1 c4 38. bxc4 Qc5 39. Qc3 Qc6 40. Qd4+ Kb8 41. Kb2 Qa4 42. Qd8+ Ka7 43. Qb6+ Kb8 44. Qd8+ Ka7 45. Qd4+ Kb8 46. Qc3 Qc6 47.
Kb3 Qxg2 48. Rd1 Qxf2 49. Rd8+ Kc7 50. Qd4 1-0

[Event "Early-Titled-Tuesday-Blitz-February-13-2024"]
[Site "Chess.com"]
[Date "2024.02.13"]
[Round "8"]
[White "rachidhuilda"]
[Black "LangesNasenhaar"]
[Result "1-0"]
[WhiteElo "2326"]
[BlackElo "2436"]
[TimeControl "180+1"]
[EndTime "9:32:47 PST"]
[Termination "rachidhuilda won by checkmate"]

1. d4 g6 2. e4 Bg7 3. Nc3 c6 4. Nf3 d5 5. h3 Nf6 6. e5 Ne4 7. Nxe4 dxe4 8. Ng5 O-O 9. Nxe4 f6 10. Bc4+ Kh8 11.
f4 Nd7 12. O-O Nb6 13. Bb3 Bf5 14. Ng3 Bd7 15. Be3 a5 16. a4 Nd5 17. Qd2 Qb6 18. Kh2 f5 19. Bxd5 cxd5 20. b3 Rac8 21. Rfc1 Be6 22.
c4 Qxb3 23. c5 Qb4 24. Qxb4 axb4 25. Rcb1 Ra8 26. Rxb4 Ra7 27. Rab1 Re8 28. Ne2 Bc8 29.
Nc1 e6 30. Na2 Bf8 31. Nc3 Rd8 32. Rb6 Ra8 33. h4 Be7 34. g3 Re8 35. R1b4 Bd8 36. R6b5 Ba5 37. Rb3 Ra7 38. Na2 Bd7 39. Rxb7 Rxb7 40.
Rxb7 Bc6 41. Ra7 Be1 42. a5 Rb8 43. a6 Rb2+ 44. Kh3 Rxa2 45. h5 gxh5 46. Kh4 Kg8 47. Kg5 Be8 48. Kf6 Bxg3 49. Rg7+ Kf8 50. a7 Ra3 51. Rxh7 Ra6 52. Rh8# 1-0

[Event "Early-Titled-Tuesday-Blitz-February-13-2024"]
[Site "Chess.com"]
[Date "2024.02.13"]
[Round "8"]
[White "JiiHart"]
[Black "Al_Shima"]
[Result "0-1"]
[WhiteElo "2157"]
[BlackElo "2372"]
[TimeControl "180+1"]
[EndTime "9:32:47 PST"]
[Termination "Al_Shima won by checkmate"]

1. e4 c5 2. c3 Nf6 3. e5 Nd5 4. d4 cxd4 5. Nf3 d6 6. cxd4 Nc6 7. Nc3 Nxc3 8. bxc3 dxe5 9. d5 e4 10. dxc6 Qxd1+ 11.
Kxd1 exf3 12. Bb5 Kd8 13. Bf4 e5 14. Bxe5 Bc5 15. c7+ Ke7 16. gxf3 f6 17. Bg3 Be6 18. Re1 Kf7 19. Kc2 a6 20. Bd3 Rhc8 21. Be4 Ra7 22. Rab1 b5 23. a4 b4 24. cxb4 Bb6 25. Bxh7 Bxc7 26.
Kb2 Rb7 27. b5 axb5 28. a5 Bxa5 29. Bg6+ Kxg6 30. Rxe6 Bc3+ 31. Kb3 b4 32. Rg1 Kf7 33. Ra6 Rd8 34. Bf4 Rd3 35. Kc4 Rxf3 36. Be3 Rc7+ 37.
Kb3 Rd7 38. Rb6 Bd4 39. Kxb4 Bxb6 40. Bxb6 Rb7 41. Kc5 Rc3+ 42. Kb4 Rc6 43. Rxg7+ Kxg7 44. Kb5 Rbxb6+ 45. Ka5 Rb8 46. Ka4 Rc1 47. Ka5 Ra1# 0-1

[Event "Early-Titled-Tuesday-Blitz-February-13-2024"]
[Site "Chess.com"]
[Date "2024.02.13"]
[Round "8"]
[White "ChessSkool"]
[Black "AlmasRakhmatullaev"]
[Result "1-0"]
[WhiteElo "2717"]
[BlackElo "2858"]
[TimeControl "180+1"]
[EndTime "9:32:48 PST"]
[Termination "ChessSkool won by resignation"]

1. d4 d5 2. Nf3 e6 3. Bf4 Nf6 4. e3 c5 5. c3 Nc6 6. Nbd2 Bd6 7.
Bg3 O-O 8. Bd3 b6 9. e4 dxe4 10. Nxe4 Nxe4 11. Bxe4 Bb7 12. dxc5 Bxc5 13. Qa4 Rc8 14.
Rd1 Qf6 15. Rd7 Ba8 16. O-O h6 17. Rfd1 a5 18. a3 Rfd8 19. h3 Rxd7 20. Rxd7 b5 21.
Qxb5 Na7 22. Qd3 Bxe4 23. Qxe4 Nc6 24. b4 axb4 25. axb4 Bf8 26. b5 Na5 27. Be5 Qf5 28. Qxf5 exf5 29. b6 f6 30. Bg3 Rxc3 31. b7 Rc1+ 32.
Kh2 Nxb7 33. Rxb7 g5 34. Bb8 Rc2 35. Ba7 Bd6+ 36. g3 h5 37. Kg2 Rc4 38. Rd7 Bf8 39. Nd4 f4 40. gxf4 gxf4 41. Ne6 Bb4 42. Rd4 Rxd4 43. Bxd4 Bd6 44. Kf3 Kf7 45. Nxf4 h4 46.
Kg4 f5+ 47. Kxf5 1-0

[Event "Early-Titled-Tuesday-Blitz-February-13-2024"]
[Site "Chess.com"]
[Date "2024.02.13"]
[Round "8"]
[White "KNVB"]
[Black "Predator0608"]
[Result "1-0"]
[WhiteElo "2872"]
[BlackElo "2578"]
[TimeControl "180+1"]
[EndTime "9:32:49 PST"]
[Termination "KNVB won by resignation"]

1. d4 Nf6 2. Bf4 g6 3. e3 Bg7 4. h3 d6 5. c3 O-O 6. Nf3 Nbd7 7. Be2 Nh5 8. Bh2 e5 9. a4 f5 10. a5 e4 11. Nfd2 Nhf6 12. a6 bxa6 13. Bxa6 Nb6 14. Bxc8 Qxc8 15. Ra5 Qd7 16. Qb3+ Kh8 17.
Qa2 c6 18. Na3 Nfd5 19. Nac4 Nxc4 20. Nxc4 f4 21. Bxf4 Nxf4 22. exf4 Qe6 23. Ne3 Qxa2 24. Rxa2 Rxf4 25. Ra6 Rb8 26. Nd1 c5 27. dxc5 dxc5 28.
Rxa7 Rd8 29. Rc7 Rf5 30. O-O Rg5 31. g3 Be5 32. Re7 Rd2 33. Kh1 Bd6 34. Re6 Rh5 35. h4 g5 36. Rxe4 Kg7 37. Kg1 Kf6 38. hxg5+ Kxg5 39. Kg2 Kf5 40. Rfe1 Rg5 41. R4e2 Rd5 42. Ne3+ Ke6 43. Nxd5+ Kxd5 44. Re4 c4 45. Rd4+ Kc5 46. Ree4 Be5 47. Rxc4+ Kd5 48. Ra4 Ke6 49. f4 1-0

[Event "Early-Titled-Tuesday-Blitz-February-13-2024"]
[Site "Chess.com"]
[Date "2024.02.13"]
[Round "8"]
[White "maicolbenavides"]
[Black "Kildepiotr"]
[Result "0-1"]
[WhiteElo "2524"]
[BlackElo "2698"]
[TimeControl "180+1"]
[EndTime "9:32:49 PST"]
[Termination "Kildepiotr won by resignation"]

1. e4 g6 2. d4 Bg7 3. Nc3 c6 4. Be3 d5 5. f3 dxe4 6. fxe4 Nf6 7. h3 e5 8. Nf3 exd4 9. Nxd4 O-O 10. Qf3 Nbd7 11.
O-O-O Qe7 12. g4 Ne5 13. Qf2 b5 14. Nde2 Nfd7 15. Ng3 b4 16. Na4 Qe6 17. Kb1 Nc4 18.
Bd4 Nde5 19. Nc5 Qe7 20. Bxc4 Nxc4 21. Bxg7 Kxg7 22. Qd4+ Ne5 23. Nd3 Re8 24. Qxb4 Qxb4 25. Nxb4 Be6 26. Nd3 Nc4 27. Nc5 Rab8 28. b3 Ne5 29.
Rd6 Bc8 30. Rf1 Rb5 31. Nd3 Nc4 32. Rxc6 Nd2+ 33. Kb2 Nxf1 34. Nxf1 Bb7 35. Rc7 Bxe4 36. Nc5 Bg2 37. Nd2 Bxh3 38. g5 Bf5 39. a4 Rbb8 40.
Nc4 Rbc8 41. Rxc8 Rxc8 42. Nb7 Re8 43. Nbd6 Re2 44. Nxf5+ gxf5 45. b4 Kg6 46. b5 Kxg5 47. a5 h5 48. b6 axb6 49. axb6 Re8 50. Na5 h4 51. b7 h3 52. Nc6 h2 0-1